 Dungeon Crawl Stone Soup version 0.28-b1-1-g3c77fb2ed1 (webtiles) character file.

Game seed: 17832257508611640148

23 cbfl8 the Sneak (level 2, 0/27 HPs)
             Began as a Minotaur Delver on Jan 30, 2022.
             Succumbed to an adder's poison
             ... on level 4 of the Dungeon.
             The game lasted 00:01:03 (214 turns).

cbfl8 the Sneak (Minotaur Delver)                    Turns: 214, Time: 00:01:03

Health: 0/27       AC:  3    Str: 16    XL:     2   Next: 75%
Magic:  1/1        EV: 11    Int:  7    God:
Gold:   20         SH:  0    Dex: 11    Spells: 1/1 levels left

rFire   . . .      SeeInvis .   a - +0 hand axe
rCold   . . .      Faith    .   (no shield)
rNeg    . . .      Spirit   .   b - +0 leather armour
rPois   .          Reflect  .   (helmet restricted)
rElec   .          Harm     .   (no cloak)
rCorr   .          Rampage  .   (no gloves)
Will    .....                   (no boots)
Stlth   ++........              (no amulet)
HPRegen 0.09/turn               (no ring)
MPRegen 0.07/turn               (no ring)

@: lethally poisoned (0 -> -12)
A: horns 2, retaliatory headbutt
a: no special abilities


You were on level 4 of the Dungeon.
You visited 1 branch of the dungeon, and saw 2 of its levels.

You collected 20 gold pieces.

Inventory:

Hand Weapons
 a - a +0 hand axe (weapon)
Armour
 b - a +0 leather armour (worn)
Wands
 g - a wand of digging (3)
 j - a wand of charming (8)
Scrolls
 c - a scroll of fog
 e - a scroll of fear
 h - 3 scrolls of teleportation {unknown}
 k - a scroll of identify {unknown}
Potions
 f - a potion of haste
 i - a potion of degeneration {unknown}


   Skills:
 + Level 3.7 Fighting
 + Level 2.6 Axes
 + Level 0.1 Armour
 + Level 2.2 Dodging
 + Level 4.6 Stealth


You had one spell level left.
You didn't know any spells.
Your spell library was empty.

Dungeon Overview and Level Annotations

Branches:
Dungeon (5/15)
 Temple: D:4-7

Altars:

Portals:
Sewer: D:4


Innate Abilities, Weirdness & Mutations

You have a pair of horns on your head.
You reflexively headbutt those who attack you in melee.


Message History

You miss the adder. The adder completely misses you. You furiously retaliate!
You headbutt the adder.
You kill the adder!
The adder closely misses you.
You hit the giant cockroach.
The giant cockroach is severely wounded.
You barely miss the adder. The adder misses you.
The giant cockroach bites you but does no damage.
The adder bites you.
You are poisoned.
The adder poisons you!
You closely miss the giant cockroach.
The giant cockroach is severely wounded.
You barely miss the adder.
You feel sick.
The giant cockroach bites you but does no damage.
The adder bites you.
You are more poisoned.
The adder poisons you! The giant cockroach barely misses you.
You miss the adder.
The adder is moderately wounded.
You hit the giant cockroach.
You kill the giant cockroach!
You feel very sick. The adder misses you.
The adder bites you but does no damage.
Unknown command.
You hit the adder.
The adder is severely wounded.
You feel sick. The adder bites you.
* * * LOW HITPOINT WARNING * * *
You barely miss the adder. Your headbutt misses the adder.
The adder is severely wounded.
* * * LOW HITPOINT WARNING * * *
You feel sick. The adder bites you.
* * * LOW HITPOINT WARNING * * *
You are more poisoned.
The adder poisons you! The adder closely misses you. You furiously retaliate!
You headbutt the adder, but do no damage.
You barely miss the adder.
The adder is severely wounded.
You die...

**,*,* #.#,#****** **,*,*
#########**##.#o#
*,*.######...#...,,,,..#.#
**,*........#...#*****#...#
,,,,..$..#......# #.#**
**,****#........# #.# *,*
*##.....## #.# *,*
##......†##### #.# **,*
#>.......@S..###.# ,,,*
#......##'##.....# ****
#......#≈≈≈#.#####
##.....#≈≈≈#.#
#.....#≈∩≈#.# ***
#.#...#≈≈≈#.#
***,****#.##..#≈≈≈#.#
,,,,,,,,.#,...#####.#
*,,,,,*##,*#........#


You could see an adder.

Vanquished Creatures
  2 adders (D:4)
  A giant cockroach (D:4)
  3 jackals (D:4)
6 creatures vanquished.

Notes
Turn   | Place    | Note
-------+----------+-------------------------------------------
     0 | D:5      | cbfl8 the Minotaur Delver began the quest for the Orb.
     0 | D:5      | Reached XP level 1. HP: 19/19 MP: 0/0
   156 | D:4      | Found a glowing drain.
   206 | D:4      | Reached XP level 2. HP: 19/27 MP: 1/1
   214 | D:4      | Succumbed to an adder's poison

Illustrated notes

Levels and vault maps discovered:
D:4:      layout_loops_ring, grunt_gozag_statues,
          gammafunk_temple_overflow_statue, gup_sewer_entry_glass,
          uniq_eustachio
D:5:      layout_loops_cross, serial_rivers, chequers_serial_rivers_room_b,
          chequers_serial_rivers_micro_e, chequers_serial_rivers_small_a,
          chequers_serial_rivers_micro_d, chequers_serial_rivers_micro_d,
          chequers_serial_rivers_room_b

Action                   || total
-------------------------++-------
Melee: Hand axe          ||    22
       Headbutt          ||     3
  Use: Scroll            ||     1
Armor: Leather armour    ||     8
Dodge: Dodged            ||    17
